[Event "II Maxistral Compostela 2020"]
[Site "Santiago de Compostela"]
[Date "2020.02.16"]
[Round "7.2"]
[White "Gonzalez Trigal, Jose Luis"]
[Black "Gomez Dieguez, David"]
[Result "1-0"]
[ECO "E11"]
[WhiteElo "2369"]
[BlackElo "2296"]
[Annotator "RC"]
[PlyCount "95"]
[EventDate "2020.02.11"]
[EventType "tourn"]
[EventCountry "ESP"]
[SourceTitle "playchess.com"]
[Source "ChessBase"]
[SourceQuality "1"]
[TimeControl "5400+30"]

1. d4 Nf6 2. Nf3 d5 3. c4 e6 4. g3 Bb4+ 5. Bd2 Be7 6. Bg2 O-O 7. O-O Nbd7 8. Qc2 Ne4 9. Bc1 c6 10. b3 f5 11. Ba3 Bxa3 12. Nxa3 Qe7 13. Qc1 b6 14. cxd5 cxd5 15. Qb2 Ba6 16. b4 Bc4 17. Nxc4 dxc4 18. b5 c3 19. Qb3 a5 20. a4 Rac8 21. Rfc1 Rfe8 22. e3 Ndf6 23. Ne5 Qb4 24. Rab1 Nd5 25. Qc2 Qa3 26. Bxe4 fxe4 27. Nc6 Rxc6 28. bxc6 Rc8 29. Rb3 Qxa4 30. Rxc3 Nxc3 31. Qxc3 b5 32. Qc5 Qb4 33. Qe5 Qb3 34. Qxe4 a4 35. Rb1 Qc4 36. Rxb5 Rxc6 37. Rb8+ Rc8 38. Rxc8+ Qxc8 39. d5 a3 40. Qa4 exd5 41. Qxa3 Qc4 42. Qa8+ Kf7 43. Qa7+ Kg8 44. Qb8+ Kf7 45. Qf4+ Ke6 46. Qxc4 dxc4 47. Kf1 Kd5 48. Ke2 1-0